Map: Cactus Valley LE (Void)

Players

Nathanias - Winner!

  • Race: Terran Terran
  • League: Grandmaster

Javert

  • Race: Zerg Zerg
  • League: Grandmaster

VOD

Have the link to the VOD?

Description

Time

  • Played on: July 7, 2015, 11:14 p.m.
  • Length: 3:43
Show
View Real Time Build Order
Export as new Build Order

Nathanias Terran - Winner!

Build Orders: Reaper Expand 

Get SALT Encoding   

  12  0:01  SCV  
  13  0:15  Supply Depot  
  13  0:19  SCV  
  14  0:31  SCV  
  15  0:38  Barracks  
  15  0:44  Refinery  
  15  0:45  SCV  
  16  0:57  SCV  
  17  1:09  SCV  
  18  1:21  SCV  
  19  1:26  Reaper  
  20  1:33  Orbital Command  
  20  1:51  Command Center  
  20  1:58  Reaper  
  20  2:00  SCV  
  22  2:06  Supply Depot  
  22  2:16  Bunker  
  22  2:19  SCV  
  23  2:30  Reaper  
  23  2:31  SCV  
  25  2:43  SCV  
  26  2:44  Factory  
  26  2:49  Supply Depot  
  26  2:56  SCV  
  27  3:04  SCV  
  28  3:08  SCV  
  29  3:20  SCV  
  29  3:30  Command Center  
Show
View Real Time Build Order
Export as new Build Order

Javert Zerg 

Build Orders: Hatch First 

Get SALT Encoding   

  12  0:01  Drone  
  13  0:12  Overlord  
  13  0:23  Overlord  
  13  0:37  Drone x3  
  16  0:50  Drone  
  17  1:03  Hatchery  
  16  1:33  Hatchery  
  15  1:47  Drone  
  15  1:48  Hatchery  
  15  1:59  Drone x2  
  15  2:00  Drone  
  18  2:10  Extractor  
  18  2:15  Drone  
  18  2:21  Drone  
  19  2:23  Spawning Pool  
  19  2:27  Drone x2  
  20  2:33  Drone  
  20  2:47  Drone  
  20  2:48  Drone x3  
  22  3:10  Zergling x2  
  22  3:11  Zergling x6  
  20  3:25  Drone  
  20  3:26  Drone x2  
Tags
 
Add a new tag
Caveats
  • Supply blocks, unpowered buildings, or Contaminate may cause inaccurate times.
  • Supply counts are checked every 10 seconds.